 Dungeon Sprint DCSS version 0.30-a0-591-g3c58d2bc28 (webtiles) character file.

Game seed: 11908045843090056103

36 NinjaNoafa the Magician (level 3, 0/19 HPs)
             Began as a Deep Elf Necromancer on Jan 5, 2023.
             Was an Initiate of Kikubaaqudgha.
             Slain by an orc warrior
             ... wielding a +0 battleaxe
              (19 damage)
             ... in the Dungeon (Sprint IX: "|||||||||||||||||||||||||||||").
             The game lasted 00:01:43 (268 turns).

NinjaNoafa the Magician (Deep Elf Necromancer)       Turns: 268, Time: 00:01:44

Health: 0/19       AC:  6    Str:  8    XL:     3   Next: 19%
Magic:  10/13      EV: 12    Int: 21    God:    Kikubaaqudgha [......]
Gold:   0          SH:  0    Dex: 15    Spells: 12/16 levels left

rFire   . . .      SeeInvis .    m - +2 rapier (freeze)
rCold   . . .      Faith    .    (no shield)
rNeg    . . .      Spirit   .    a - +0 robe
rPois   .          Reflect  .    l - +0 helmet
rElec   .          Harm     .    (no cloak)
rCorr   .          Rampage  .    k - +0 pair of gloves
Will    .....      NoTele   +    (no boots)
Stlth   ++                       (no amulet)
HPRegen 0.23/turn                d - +3 ring of strength
MPRegen 0.13/turn                n - +2 ring of protection

@: no status effects
A: no striking features
a: Renounce Religion


You were in the Dungeon.
You worshipped Kikubaaqudgha.
Kikubaaqudgha was noncommittal.
You visited 1 branch

Inventory:

Hand Weapons
 m - a +2 rapier of freezing (weapon)
Armour
 a - a +0 robe (worn)
 k - a +0 pair of gloves (worn)
 l - a +0 helmet (worn)
Jewellery
 d - a +3 ring of strength (left hand)
 n - a +2 ring of protection (right hand)
Wands
 j - a wand of roots (10)
Scrolls
 g - 2 scrolls of blinking
 i - 2 scrolls of amnesia
Potions
 b - 5 potions of magic
 c - 5 potions of curing
 e - a potion of haste
 f - a potion of invisibility
 h - 2 potions of heal wounds


   Skills:
 + Level 0.0 Fighting
 + Level 2.4 Dodging
 - Level 2.4 Stealth
 - Level 7.0 Spellcasting
 + Level 7.0 Necromancy


You had 12 spell levels left.
You knew the following spells:

 Your Spells              Type           Power      Damage    Failure   Level
a - Necrotise             Necr           100%       1d9       1%          1
b - Vampiric Draining     Necr           36%        2d8       1%          3

Your spell library contained the following spells:

 Spells                   Type           Power      Damage    Failure   Level
 Animate Dead             Necr           36%        N/A       4%          4
 Agony                    Necr           36%        N/A       14%         5


Dungeon Overview and Level Annotations

Branches:
Dungeon (1/1)

Altars:
Cheibriados
Dithmenos
Elyvilon
Fedhas
Gozag
Hepliaklqana
Kikubaaqudgha
Makhleb
Nemelex Xobeh
Okawaru
Qazlal
Ru
Sif Muna
Trog
Uskayaw
Vehumet
Wu Jian
Xom
Yredelemnul
Zin
The Shining One
Jiyva
Lugonu


Message History

You see here a +0 pair of gloves.
k - a +0 pair of gloves You see here a +0 helmet.
l - a +0 helmet You start putting on your armour.
You continue putting on your +0 helmet. x4
You finish putting on your +0 helmet.
You start putting on your armour.
You continue putting on your +0 pair of gloves. x4
You finish putting on your +0 pair of gloves.
You see here a +2 ring mail.
Items here: )))))).
m - a +2 rapier of freezing Your +2 rapier of freezing glows with a cold blue light!
m - a +2 rapier of freezing (weapon)
Okay, then.
Unknown command.
You drop a +0 falchion.
You see here a +0 falchion.
Items here: ))))).
You see here a +0 falchion.
You see here a +2 ring mail.
d - a +3 ring of strength
n - a +2 ring of protection You feel stronger.
d - a +3 ring of strength (left hand)
n - a +2 ring of protection (right hand)
You open the door.
A yak, a wight, a howler monkey, a komodo dragon, an acid dragon and an orc warrior come into view.
The orc warrior is wielding a +0 battleaxe and wearing a +1 plate armour of fire resistance.
Casting: Necrotise (safe; 1% risk of failure)
Confirm with . or Enter, or press ? or * to list all spells.
Aiming: Vampiric Draining (safe; 1% risk of failure)
Press: ? - help, Shift-Dir - straight line, f - orc warrior
Aim: an orc warrior, wielding a +0 battleaxe and wearing a +1 plate armour of fire resistance You draw life force from the orc warrior!
The komodo dragon hisses angrily.
The orc warrior hits you with a +0 battleaxe!!
Ouch! That really hurt!
You die...
Kikubaaqudgha rasps: "You have failed me!
Welcome... death!" ▓▓▓▓▓▓▓▓▓▓▓▓▓▓▓▓▓▓▓▓▓▓▓▓ Yzh.lDo@.[..))..'_______ ▓▓▓▓▓▓▓▓▓▓▓▓▓▓▓▓▓▓▓▓▓▓▓▓

You could see a komodo dragon, a yak (asleep), an orc warrior, an acid dragon, a howler monkey and a wight.

Vanquished Creatures
  A gnoll (D)
  An adder (D)
  An ufetubus (D)
  A dart slug (D)
  2 orcs (D)
  A quokka (D)
  2 frilled lizards (D)
9 creatures vanquished.

Vanquished Creatures (collateral kills)
  A ball python (D)
1 creature vanquished.

Grand Total: 10 creatures vanquished

Notes
Turn   | Place    | Note
-------+----------+-------------------------------------------
     0 | D        | NinjaNoafa the Deep Elf Necromancer began the quest for the
                  | Orb.
     0 | D        | Reached XP level 1. HP: 10/10 MP: 6/6
    14 | D        | Reached skill level 5 in Spellcasting
    95 | D        | Reached skill level 5 in Necromancy
    95 | D        | Reached XP level 2. HP: 14/15 MP: 7/11
   118 | D        | Reached XP level 3. HP: 7/19 MP: 3/13
   187 | D        | Found a snail-covered altar of Cheibriados.
   187 | D        | Found a shadowy altar of Dithmenos.
   187 | D        | Found a white marble altar of Elyvilon.
   187 | D        | Found a blossoming altar of Fedhas.
   187 | D        | Found an opulent altar of Gozag.
   192 | D        | Learned a level 3 spell: Vampiric Draining
   192 | D        | Found a hazy altar of Hepliaklqana.
   193 | D        | Found a viscous altar of Jiyva.
   194 | D        | Found an ancient bone altar of Kikubaaqudgha.
   195 | D        | Found a corrupted altar of Lugonu.
   196 | D        | Found a burning altar of Makhleb.
   197 | D        | Found a sparkling altar of Nemelex Xobeh.
   198 | D        | Found an iron altar of Okawaru.
   199 | D        | Found a stormy altar of Qazlal.
   200 | D        | Found a sacrificial altar of Ru.
   201 | D        | Found a shimmering blue altar of Sif Muna.
   202 | D        | Became a worshipper of Kikubaaqudgha
   203 | D        | Found a bloodstained altar of Trog.
   204 | D        | Found a hide-covered altar of Uskayaw.
   205 | D        | Found a radiant altar of Vehumet.
   206 | D        | Found an ornate altar of the Wu Jian Council.
   207 | D        | Found a shimmering altar of Xom.
   208 | D        | Found a basalt altar of Yredelemnul.
   209 | D        | Found a glowing silver altar of Zin.
   210 | D        | Found a glowing golden altar of the Shining One.
   218 | D        | Found the +16 obsidian axe {drain, Mesm Drain Fly SInv}
   267 | D        | Noticed a yak
   267 | D        | Noticed a wight
   267 | D        | Noticed a komodo dragon
   267 | D        | Noticed an acid dragon
   267 | D        | Noticed an orc warrior
   268 | D        | Slain by an orc warrior

Illustrated notes

Levels and vault maps discovered:
D:        linesprint [early_d, line_temple, items_1, d_10, items_2, lair_1,
          lair_end, items_3, orc_1, orc_end, items_4, d_15, swamp_1, shoals_1,
          snake_1, spider_1, d_20, vaults_1, items_5, swamp_end, shoals_end,
          snake_end, spider_end, vaults_end, d_27, items_6, zot_1, zot_end,
          crypt_end, forest_end, elf_end, slime_end, tomb_end, abyss_end,
          pan_hell_end]

Skill      XL: |  1  2  3 |
---------------+----------+-----
Spellcasting   | 6 7 |  7.0
Necromancy     | 5 6 7 |  7.0
Dodging        | |  2.4
Stealth        | |  2.4

Action                   || total
-------------------------++-------
Melee: Club              ||     6
 Cast: Necrotise         ||    15
       Vampiric Draining ||     1
  Use: Potion            ||     2
Armor: Robe              ||     1
Dodge: Dodged            ||    19

Table legend: (Time is in decaauts)
 A = Elapsed time spent in this place.
 B = Non-inter-level travel time spent in this place.
 C = Inter-level travel time spent in this place.
 D = Time resting spent in this place.
 E = Time spent auto-exploring this place.
 F = Levels seen in this place.
 G = Mean time per level.
                   A        B        C        D        E       F      G
               +--------+--------+--------+--------+--------+-----+--------+
         Total |    280 |    280 |      0 |      0 |    145 |   1 |  280.0 |
       Dungeon |    280 |    280 |      0 |      0 |    145 |   1 |  280.0 |
               +--------+--------+--------+--------+--------+-----+--------+

Top non-repeatable levels by time:
       D: 280 daAuts
